 Dungeon Crawl Stone Soup version 0.31-a0-18-gea43df2a32 (webtiles) character file.

Game seed: 9001303445807948661

784 MisterAzrael the Cleaver (level 7, -2/56 (57) HPs)
             Began as a Hill Orc Fighter on May 11, 2023.
             Was a Follower of Beogh.
             Slain by an ogre
             ... wielding a +0 giant spiked club
              (12 damage)
             ... on level 5 of the Dungeon.
             The game lasted 00:07:18 (3513 turns).

MisterAzrael the Cleaver (Hill Orc Fighter)         Turns: 3513, Time: 00:07:18

HP:   -2/56 (57)    AC: 14    Str: 21    XL:     7   Next: 86%
MP:   11/11         EV:  6    Int:  8    God:    Beogh [*.....]
Gold: 201           SH:  0    Dex: 10    Spells: 6/6 levels left

rFire   . . .        E - +3 dire flail (drain)
rCold   . . .        (shield currently unavailable)
rNeg    . . .        y - +0 plate armour
rPois   .            x - +0 helmet
rElec   .            e - scarf {harm}
rCorr   +            v - +1 Delatra's gloves {ID++}
SInv    .            (no boots)
Will    .....        (no amulet) Stlth
                     A - ring of resist corrosion
HPRegen 0.29/turn    (no ring)
MPRegen 0.12/turn

%: harm (+30% outgoing, +20% incoming)
@: mighty, lightly drained
A: no striking features
a: Renounce Religion


You were on level 5 of the Dungeon.
You worshipped Beogh.
Beogh was aware of your devotion.
You visited 1 branch of the dungeon, and saw 5 of its levels.

You collected 201 gold pieces.

Inventory:

Hand Weapons
 a - a +0 war axe
 E - a +3 dire flail of draining (weapon)
Missiles
 t - 7 javelins (quivered)
Armour
 b - a +0 scale mail
 c - a +0 buckler
 e - a scarf of harm (worn)
 k - a +0 pair of boots
 v - the +1 Delatra's gloves (worn) {ID++}
   (You found it on level 2 of the Dungeon)

   ID++:      It heals its wearer when they drink unknown potions, and restores
   their MP when they read unknown scrolls.
 x - a +0 helmet (worn)
 y - a +0 plate armour (worn)
Magical Staves
 s - a staff of poison
Jewellery
 p - an amulet of magic regeneration
 A - a ring of resist corrosion (left hand)
 D - a ring of wizardry
Scrolls
 h - a scroll of enchant weapon {unknown}
 i - a scroll of summoning {unknown}
 j - 5 scrolls of identify {unknown}
 n - 2 scrolls of fog {unknown}
 q - a scroll of torment {unknown}
 r - 2 scrolls of poison {unknown}
 w - 5 scrolls of teleportation {unknown}
Potions
 d - 2 potions of might
 f - 2 potions of curing
 g - a potion of mutation {unknown}
 l - a potion of lignification {unknown}
 m - 2 potions of flight {unknown}
 o - a potion of heal wounds
 u - a potion of cancellation {unknown}
 z - a potion of brilliance {unknown}
 B - a potion of berserk rage {unknown}
 C - a potion of degeneration {unknown}


   Skills:
 - Level 3.6 Fighting
 - Level 8.7(8.9) Axes
 * Level 2.1(5.0) Maces & Flails
 - Level 3.2 Armour
 - Level 3.2 Shields
 + Level 6.6 Invocations


You had 6 spell levels left.
You didn't know any spells.
Your spell library contained the following spells:

 Spells                   Type           Power      Damage    Failure   Level
 Call Canine Familiar     Summ           0%         N/A       100%        3
 Portal Projectile        Hex/Tloc       0%         N/A       100%        3
 Tukima's Dance           Hex            0%         N/A       100%        3
 Leda's Liquefaction      Hex/Erth       0%         N/A       100%        4
 Passage of Golubria      Tloc           0%         N/A       100%        4
 Yara's Violent Unravell  Hex/Tmut       0%         3d3       100%        5


Dungeon Overview and Level Annotations

Branches:
Dungeon (5/15)             Temple (0/1) D:5

Altars:
Ru
Sif Muna
The Shining One

Shops:
D:4 !


Message History

Beogh accepts your kill.
Your base Maces & Flails skill increases to level 1!
No target in view!
You open the door.
Done exploring.
Done exploring.
No target in view!
No target in view!
No target in view!
Done exploring.
(D) Dungeon
Where to? (Enter - D:4, ? - help)
What level of the Dungeon? (default 1, ? - help)
You see here a +0 helmet.
There is a stone staircase leading down here.
You climb downwards.
The ogre shouts!
Found a mace and a scroll labelled MURIUKL COGO.
There is a stone staircase leading up here.
An ogre is nearby!
An ogre is nearby!
Found a staircase to the Ecumenical Temple.
An ogre comes into view. It is wielding a +0 giant spiked club.
The ogre shouts!
The ogre hits you with a +0 giant spiked club!
You throw a javelin. The javelin pierces through the ogre.
The ogre is lightly wounded.
The ogre hits you with a +0 giant spiked club!
You feel very mighty all of a sudden.
You bludgeon the ogre!!
You kill the ogre!
Beogh accepts your kill.
Your base Maces & Flails skill increases to level 2!
The ogre hits you with a +0 giant spiked club!
* * * LOW HITPOINT WARNING * * *
You are too injured to fight recklessly!
You puncture the ogre!
The ogre is severely wounded.
The ogre hits you with a +0 giant spiked club!
You die...

..............(.
..>PP............
....P............
...P............#
#.....)..?.....#
#..............# .
##......).......
..##.......@O......
...................
##...............
##..<...........
#......##.......
#...............
###.............
###...........
#.........


You could see an ogre.

Vanquished Creatures
  Grinder (D:4)
  A steam dragon (D:4)
  Menkaure (D:4)
  Edmund (D:4)
  An ogre (D:5)
  7 adders
  A worm (D:4)
  2 dart slugs (D:4)
  4 orcs (D:3)
  4 endoplasms
  2 giant cockroaches
  3 goblins
  5 hobgoblins
  4 jackals (D:2)
  9 kobolds
  A quokka (D:4)
  5 ball pythons
  5 bats
  4 frilled lizards
  5 rats
66 creatures vanquished.

Vanquished Creatures (others)
  A ball python (D:3)
1 creature vanquished.

Grand Total: 67 creatures vanquished

Notes
Turn   | Place    | Note
-------+----------+-------------------------------------------
     0 | D:1      | MisterAzrael the Hill Orc Fighter began the quest for the
                  | Orb.
     0 | D:1      | Reached XP level 1. HP: 19/19 MP: 1/1
    64 | D:1      | Reached skill level 3 in Axes
   290 | D:1      | Found a faded altar of an unknown god.
   318 | D:1      | Reached XP level 2. HP: 25/26 MP: 2/2
   672 | D:1      | Reached skill level 4 in Axes
   831 | D:2      | Reached XP level 3. HP: 31/31 MP: 3/3
  1043 | D:2      | Found the +1 Delatra's gloves {ID++}
  1047 | D:2      | Reached skill level 5 in Axes
  1595 | D:3      | Reached XP level 4. HP: 39/39 MP: 4/4
  1641 | D:3      | Became a worshipper of Beogh the Brigand
  1838 | D:3      | Found a glowing golden altar of the Shining One.
  1902 | D:3      | Reached skill level 1 in Invocations
  2131 | D:3      | Found a shimmering blue altar of Sif Muna.
  2131 | D:3      | Found a sacrificial altar of Ru.
  2296 | D:4      | Noticed a steam dragon
  2302 | D:4      | HP: 1/39 [steam dragon/ball of steam (26)]
  2313 | D:4      | Killed a steam dragon
  2314 | D:4      | Reached skill level 6 in Axes
  2314 | D:4      | Reached XP level 5. HP: 8/45 MP: 4/7
  2504 | D:4      | Reached XP level 6. HP: 48/51 MP: 8/8
  2516 | D:4      | Noticed Grinder
  2516 | D:4      | Paralysed by Grinder for 4 turns
  2531 | D:4      | Paralysed by Grinder for 5 turns
  2540 | D:4      | Killed Grinder
  2541 | D:4      | Reached skill level 7 in Axes
  2541 | D:4      | Reached skill level 5 in Invocations
  2566 | D:4      | Noticed Menkaure
  2571 | D:4      | Killed Menkaure
  2572 | D:4      | Reached skill level 8 in Axes
  2572 | D:4      | Reached XP level 7. HP: 41/57 MP: 9/11
  2669 | D:4      | Noticed Edmund
  2683 | D:4      | Killed Edmund
  2750 | D:4      | Found Piphepy's Distillery.
  3480 | D:4      | Reached skill level 1 in Maces & Flails
  3505 | D:5      | Entered Level 5 of the Dungeon
  3507 | D:5      | Found a staircase to the Ecumenical Temple.
  3511 | D:5      | Reached * piety under Beogh
  3513 | D:5      | Slain by an ogre

Illustrated notes

Levels and vault maps discovered:
D:1:      scummos_arrival_simple_crosswalls, layout_loops_ring,
          hellmonk_ecumenical_altar_lost_god, minivault_26, minmay_tromino_v4_b
D:2:      layout_loops_ring
D:3:      layout_basic, tso_oasis_becter, gammafunk_temple_overflow_statue
D:4:      layout_basic, serial_shops, shop, serial_bayou_lagoon_a, uniq_grinder,
          uniq_menkaure, uniq_edmund
D:5:      layout_cave_pools, minmay_temple_entry_overgrown, uniq_blork_the_orc

Skill      XL: |  1  2  3  4  5  6  7 |
---------------+----------------------+-----
Axes           | 3 4 5 6 8 |  8.7
Invocations    | 3 5 6 |  6.6
Maces & Flails | 2 |  2.1
Fighting       | |  3.6
Armour         | |  3.2
Shields        | |  3.2

Action                     |  1- 3 |  4- 6 |  7- 9 || total
---------------------------+-------+-------+-------++-------
  Melee: War axe           |   110 |    66 |    10 ||   186
         Dire flail        |       |       |    25 ||    25
  Throw: Javelin           |       |       |     1 ||     1
 Invoke: Convert to Beogh  |       |     1 |       ||     1
    Use: Potion            |       |     4 |     3 ||     7
 Armour: Scale mail        |    64 |     7 |       ||    71
         Plate armour      |       |    44 |    19 ||    63
  Dodge: Dodged            |    55 |    18 |     6 ||    79
  Block: Buckler           |    23 |    15 |     2 ||    40

Table legend: (Time is in decaauts)
 A = Elapsed time spent in this place.
 B = Non-inter-level travel time spent in this place.
 C = Inter-level travel time spent in this place.
 D = Time resting spent in this place.
 E = Time spent auto-exploring this place.
 F = Levels seen in this place.
 G = Mean time per level.
                   A        B        C        D        E       F      G
               +--------+--------+--------+--------+--------+-----+--------+
         Total |   3574 |   3455 |    119 |    121 |   2669 |   5 |  714.8 |
       Dungeon |   3574 |   3455 |    119 |    121 |   2669 |   5 |  714.8 |
               +--------+--------+--------+--------+--------+-----+--------+

Top non-repeatable levels by time:
     D:4: 1230 daAuts
     D:3: 836 daAuts
     D:2: 773 daAuts
     D:1: 724 daAuts
     D:5: 8 daAuts
